 Dungeon Crawl Stone Soup version 0.25.1-4-g9407a263a5 (webtiles) character file.

Game seed: 7101217990660627702

103 Clowwww the Skirmisher (level 4, -2/37 HPs)
             Began as a Demonspawn Fighter on Nov 29, 2020.
             Slain by an orc priest
             ... wielding a +0 flail
              (5 damage)
             ... on level 3 of the Dungeon.
             The game lasted 00:05:10 (2363 turns).

Clowwww the Skirmisher (Demonspawn Fighter)         Turns: 2363, Time: 00:05:11

Health: -2/37      AC:  7    Str: 17    XL:     4   Next: 51%
Magic:  0/4        EV:  7    Int: 10    God:
Gold:   102        SH:  9    Dex: 12    Spells: 3/3 levels left

rFire    . . .     SeeInvis .   a - +0 war axe
rCold    . . .     Gourm    .   c - +0 kite shield
rNeg     . . .     Faith    .   b - +0 scale mail
rPois    .         Spirit   +   (no helmet)
rElec    .         Reflect  .   (no cloak)
rCorr    .         Harm     .   (no gloves)
MR       .....                  (no boots)
Stlth    ..........             (no amulet)
HPRegen  0.12/turn              (no ring)
MPRegen  0.09/turn              (no ring)

@: no status effects
A: rugged brown scales 1, magic shield
a: no special abilities


You were on level 3 of the Dungeon.
You were very hungry.

You visited 1 branch of the dungeon, and saw 3 of its levels.

You collected 102 gold pieces.

Inventory:

Hand Weapons
 a - a +0 war axe (weapon)
Armour
 b - a +0 scale mail (worn)
 c - a +0 kite shield (worn)
Jewellery
 o - a +6 ring of dexterity {unknown}
Scrolls
 e - a scroll of amnesia {unknown}
 h - 2 scrolls of magic mapping {unknown}
 i - a scroll of teleportation {unknown}
 j - 2 scrolls of fog {unknown}
 k - a scroll of identify {unknown}
 l - a scroll of fear {unknown}
 m - 2 scrolls of blinking {unknown}
 t - a scroll of enchant armour {unknown}
 u - a scroll of immolation {unknown}
Potions
 d - a potion of might
 g - a potion of magic {unknown}
 n - a potion of haste {unknown}
 p - a potion of curing {unknown}
 q - a potion of lignification {unknown}
 s - a potion of degeneration {unknown}
Comestibles
 f - 3 rations


   Skills:
 + Level 3.6 Fighting
 + Level 3.0 Axes
 + Level 3.1 Armour
 + Level 0.7 Dodging
 + Level 3.1 Shields


You had 3 spell levels left.
You didn't know any spells.
Your spell library was empty.

Dungeon Overview and Level Annotations

Branches:
Dungeon (3/15)

Altars:


Innate Abilities, Weirdness & Mutations

You are partially covered in rugged brown scales. (AC +1, +3% HP)
When hurt, damage is shared between your health and your magic reserves.


Message History

Pain shoots through your body!
You hit the orc priest.
The orc priest is severely wounded.
The orc priest looks braver for a moment.
The orc priest hits you with a +0 flail.
* * * LOW HITPOINT WARNING * * *
You closely miss the orc priest.
The orc priest is severely wounded.
The orc priest hits you with a +0 flail.
* * * LOW HITPOINT WARNING * * *
You closely miss the orc priest.
The orc priest is severely wounded.
The orc priest closely misses you.
You closely miss the orc priest.
The orc priest is severely wounded.
The orc priest hits you but does no damage.
You hit the orc priest.
The orc priest is almost dead.
The orc priest hits you with a +0 flail.
You die...

## ### #.
..#### ##.#
.....# #...
.....# ##...#
.....# #.....
.....#
#.....#o....#
#@####.#
#......#
#.###### #.#
#.# #..... #.#
.....##.....#
#.#
.....##.....##
#.#
.....#.......#
#.#


You could see an orc priest.

Vanquished Creatures
  4 adders (D:2)
  2 worms (D:2)
  A dart slug (D:1)
  4 leopard geckos
  2 orcs (D:3)
  6 giant cockroaches
  2 goblins (D:1)
  6 hobgoblins
  4 jackals (D:1)
  3 ball pythons
  4 bats
  5 frilled lizards
  3 kobolds
  12 rats
58 creatures vanquished.

Notes
Turn   | Place    | Note
-------+----------+-------------------------------------------
     0 | D:1      | Clowwww the Demonspawn Fighter began the quest for the Orb.
     0 | D:1      | Reached XP level 1. HP: 18/18 MP: 1/1
   199 | D:1      | Gained mutation: You are partially covered in rugged brown
                  | scales. (AC +1, +3% HP) [demonic ancestry]
   199 | D:1      | Reached XP level 2. HP: 4/24 MP: 2/2
   205 | D:1      | HP: 1/24 [jackal (3)]
   866 | D:1      | Reached XP level 3. HP: 29/29 MP: 3/3
  1754 | D:2      | Gained mutation: When hurt, damage is shared between your
                  | health and your magic reserves. [demonic ancestry]
  1754 | D:2      | Reached XP level 4. HP: 34/36 MP: 4/4
  2272 | D:3      | Found a faded altar of an unknown god.
  2363 | D:3      | Slain by an orc priest

Illustrated notes

Levels and vault maps discovered:
D:1:      scummos_arrival_gate, layout_rooms, serial_park_tiny_pond,
          minmay_rat_gold_closets
D:2:      layout_basic
D:3:      corexii_shack_village, layout_basic, nicolae_ashenzari_panopticon,
          chequers_ecumenical_altar_lobes, portal_sewer_entry_e

Skill      XL: |  1  2  3 |
---------------+----------+-----
Axes           | 2 3 |  3.0
Shields        | 3 |  3.1
Armour         | 3 |  3.1
Fighting       | |  3.6
Dodging        | |  0.7

Action                   |  1- 3 |  4- 6 || total
-------------------------+-------+-------++-------
Melee: War axe           |   140 |    78 ||   218
  Eat: Chunk             |     3 |     1 ||     4
Armor: Scale mail        |    71 |    35 ||   106
Dodge: Dodged            |    48 |    18 ||    66
Block: Kite shield       |    86 |    47 ||   133
